 Dungeon Crawl Stone Soup version 0.17.0-24-gcfadda4 (webtiles) character file.

133 M4edhros the Charlatan (level 5, -1/33 HPs)
             Began as an Octopode Artificer on Nov 16, 2015.
             Slain by an adder (4 damage)
             ... on level 4 of the Dungeon.
             The game lasted 00:06:09 (2165 turns).

M4edhros the Charlatan (Octopode Artificer)         Turns: 2165, Time: 00:06:09

Health: -1/33      AC:  1    Str: 10 (11) XL:     5   Next: 16%
Magic:  8/8        EV: 12    Int: 14      God:
Gold:   49         SH:  0    Dex: 13      Spells: 1 memorised, 4 levels left

rFire  . . .     SeeInvis .     p - +2 dagger (venom)
rCold  . . .     Clarity  .     (no shield)
rNeg   . . .     SustAt   .     (helmet restricted)
rPois  .         Gourm    .     (no amulet)
rElec  .         Spirit   .     (no ring)
rCorr  .         Warding  .     (no ring)
rMut   .         Stasis   .     (no ring)
MR     .....                    (no ring)
Stlth  ++++......               (no ring)
                                (no ring)
                                (no ring)
                                (no ring)

@: lethally poisoned (-1 -> -3), not resistant to hostile enchantments, stealthy
A: almost no armour, amphibious, 8 rings, constrict 8, camouflage 1, gelatinous
body 1
a: no special abilities


You were on level 4 of the Dungeon.
You were hungry.

You visited 1 branch of the dungeon, and saw 4 of its levels.

You collected 49 gold pieces.

Inventory:

Hand Weapons
 a - a +0 short sword
 i - a +0 hunting sling
 n - a +0 hunting sling
 p - a +2 dagger of venom (weapon)
Missiles
 o - 13 stones (quivered)
Jewellery
 g - an uncursed amulet of faith {unknown}
 j - an uncursed ring of see invisible {unknown}
Wands
 b - a wand of flame (8)
 c - a wand of enslavement (11)
 d - a wand of random effects (9)
Scrolls
 h - 2 scrolls of identify {unknown}
 k - 2 scrolls of enchant weapon {unknown}
Books
 f - a book of Dreams

   Spells                             Type                      Level
   a - Ensorcelled Hibernation        Hexes/Ice                    2
   b - Phase Shift                    Translocation                5
   c - Shadow Creatures               Summoning                    5
   d - Silence                        Hexes/Air                    5
   e - Darkness                       Hexes                        6
   f - Mass Confusion                 Hexes                        6
Comestibles
 e - 2 bread rations
 l - a slice of pizza


   Skills:
 - Level 1.0 Fighting
 - Level 1.0 Short Blades
 - Level 2.0 Dodging
 * Level 4.0 Stealth
 + Level 1.0 Spellcasting
 * Level 1.5 Hexes
 * Level 1.6 Ice Magic
 + Level 4.2 Evocations


You had 4 spell levels left.
You knew the following spells:

 Your Spells              Type           Power        Failure   Level  Hunger
a - Ensorcelled Hibernat  Hex/Ice        #.....       24%         2    ###....


Dungeon Overview and Level Annotations

Branches:
Dungeon (4/15)
 Temple: D:4-7

Altars:

Portals:
Sewer: D:4

Annotations:
D:3 Grinder, Natasha
D:4 Robin


Innate Abilities, Weirdness & Mutations

You cannot wear most types of armour.
You are amphibious.
You can wear up to eight rings at the same time.
You can use your tentacles to constrict eight enemies at once.
Your skin changes colour to match your surroundings (Stealth).
Your rubbery body absorbs attacks (AC +1).


Message History

You aren't carrying any potions.
Read which item? (? for menu, Esc to quit)
Okay, then.
Evoke which item? (* to show all) (? for menu, Esc to quit)
Okay, then.
You open the door. The adder bites you.
* * * LOW HITPOINT WARNING * * *
You are poisoned.
The adder poisons you!
There's a creature in the doorway!
Evoke which item? (* to show all) (? for menu, Esc to quit)
Zapping:
c - a wand of enslavement (12)
Press: ? - help, Shift-Dir - straight line, f - adder
Aim: an adder (chance to defeat MR: 63%)
The adder resists with significant effort.
This wand has 11 charges left.
* * * LOW HITPOINT WARNING * * *
You feel sick. The adder barely misses you. The adder bites you.
You die...

)# #.#.....## ##
#.#.....## ### # ##..#
....###.. #
##...###......# ##
#..#..##......##
.######..##..........##
.†.##....###..........#
.................###..
.........#######@##
.........#≈≈≈≈≈#S.#
.........#≈≈∩≈SSS(#
.........#≈≈≈≈S#...#
.........#######.....
......#.............##
.....#####.........##
..a #.......### .
#........


You could see 5 adders.

Vanquished Creatures
  A hound (D:4)
  A worker ant (D:4)
  Natasha (D:3)
  2 adders
  A giant gecko (D:2)
  3 orcs (D:4)
  A giant cockroach (D:4)
  9 goblins
  2 hobgoblins
  A quokka (D:3)
  3 ball pythons
  4 bats
  2 jackals (D:4)
  A kobold (D:1)
  4 rats
36 creatures vanquished.

Vanquished Creatures (others)
  A hound (D:4)
  A goblin (D:3)
2 creatures vanquished.

Grand Total: 38 creatures vanquished

Notes
Turn   | Place    | Note
--------------------------------------------------------------
     0 | D:1      | M4edhros the Octopode Artificer began the quest for the Orb.
     0 | D:1      | Reached XP level 1. HP: 13/13 MP: 3/3
   299 | D:1      | Reached XP level 2. HP: 13/18 MP: 4/4
   944 | D:3      | Reached XP level 3. HP: 17/23 MP: 5/5
  1055 | D:3      | Learned a level 2 spell: Ensorcelled Hibernation
  1223 | D:3      | Noticed Natasha
  1228 | D:3      | Noticed Grinder
  1275 | D:3      | Killed Natasha
  1275 | D:3      | Reached skill level 1 in Ice Magic
  1275 | D:3      | Reached skill level 4 in Evocations
  1275 | D:3      | Reached XP level 4. HP: 8/28 MP: 5/7
  1311 | D:3      | Reached skill level 1 in Hexes
  1368 | D:3      | Noticed Natasha
  1606 | D:4      | Reached skill level 1 in Spellcasting
  1777 | D:4      | Noticed Robin
  1952 | D:4      | Noticed a phantom
  1979 | D:4      | Noticed a sky beast
  2086 | D:4      | Reached XP level 5. HP: 5/33 MP: 8/8
  2091 | D:4      | Found a glowing drain.
  2102 | D:4      | HP: 1/33 [poisoned by a worker ant]
  2165 | D:4      | Slain by an adder

Action                   |  1- 3 |  4- 6 || total
-------------------------+-------+-------++-------
Melee: Short sword       |    46 |    38 ||    84
       Dagger            |       |     9 ||     9
Evoke: Wand              |     7 |    10 ||    17
  Use: Potion            |     2 |       ||     2
 Stab: Sleeping          |     4 |     1 ||     5
  Eat: Chunk             |       |     3 ||     3
